 Dungeon Crawl Stone Soup version 0.20.1-1-g8b1a95d (webtiles) character file.

14 HeyBub the Insei (level 2, -2/23 HPs)
             Began as a Demigod Transmuter on July 16, 2017.
             Slain by a gnoll
             ... wielding a +0 whip
              (10 damage)
             ... on level 1 of the Dungeon.
             The game lasted 00:01:09 (806 turns).

HeyBub the Insei (Demigod Transmuter)                Turns: 806, Time: 00:01:09

Health: -2/23      AC:  2    Str: 13    XL:     2   Next: 18%
Magic:  6/7        EV: 12    Int: 17    God:
Gold:   24         SH:  0    Dex: 16    Spells: 4/5 levels left

rFire    . . .     SeeInvis .   i - +0 dagger (venom)
rCold    . . .     Gourm    .   (no shield)
rNeg     . . .     Faith    .   b - +0 robe
rPois    .         Spirit   .   (no helmet)
rElec    .         Reflect  .   (no cloak)
rCorr    .         Harm     .   (no gloves)
MR       .....                  (no boots)
Stlth    +.........             (no amulet)
Regen    0.1/turn               (no ring)
MPRegen  0.1/turn               (no ring)

@: appendage (expiring)
A: horns 2, high mp 1
a: End Transformation


You were on level 1 of the Dungeon.
You were not hungry.
You had grown temporary horns.
You visited 1 branch of the dungeon, and saw 1 of its levels.

You collected 24 gold pieces.

Inventory:

Hand Weapons
 i - a +0 dagger of venom (weapon)
Missiles
 a - 12 arrows
 h - a throwing net (quivered)
Armour
 b - a +0 robe (worn)
 e - a +0 ring mail
Scrolls
 f - 2 scrolls of blinking {unknown}
 g - a scroll of fog {unknown}
 j - a scroll of enchant weapon {unknown}
 m - a scroll of fear {unknown}
Potions
 k - a potion of curing {unknown}
Books
 c - a book of Changes

   Spells                             Type                      Level
   a - Beastly Appendage              Transmutation                1
   b - Sticks to Snakes               Transmutation                2
   c - Spider Form                    Transmutation/Poison         3
   d - Ice Form                       Ice/Transmutation            4
   e - Blade Hands                    Transmutation                5
Comestibles
 d - a bread ration
 l - 4 fruits


   Skills:
 + Level 1.0 Fighting
 + Level 1.9 Dodging
 + Level 2.8 Unarmed Combat
 + Level 2.1 Spellcasting
 + Level 2.0 Transmutations


You had 4 spell levels left.
You knew the following spells:

 Your Spells              Type           Power        Failure   Level  Hunger
a - Beastly Appendage     Tmut           #.....       9%          1    #......


Dungeon Overview and Level Annotations

Branches:
Dungeon (1/15)


Innate Abilities, Weirdness & Mutations

You have an increased reservoir of magic. (+10% MP)
You have a pair of horns on your head.


Message History

The kobold drinks a potion.
The kobold seems to grow stronger.
You hit the dart slug.
The dart slug is severely wounded.
The kobold hits you from afar with a spear!
The dart slug completely misses you.
You hit the dart slug.
You kill the dart slug!
Your Transmutations skill increases to level 2!
The kobold hits you from afar with a spear!
You are too injured to fight recklessly!
You are too injured to fight recklessly!
You are too injured to fight recklessly!
Unknown command.
You are too injured to fight recklessly!
You are too injured to fight recklessly!
The kobold closely misses you.
Found a dagger.
You hit the kobold but do no damage.
The kobold is poisoned.
The kobold hits you but does no damage. The gnoll hits you with a whip!
You die...

#...... ..# . )# #...... #..# .
.. #.....รท #...####. ..
#...... ........##.# #......
.........#.## # #......
............##.# #......
......K......... ###...#
......g@.#....... #..#.#
..................#.##.#
........(.#............#
........#.###.#.........
.......##(....#...).....
..##..###.#.#.###....... .
####.........#.......
####.#.#.#.#.###.(...
#........##......#.#...........


You could see a gnoll and a kobold.

Vanquished Creatures
  2 dart slugs (D:1)
  2 bats (D:1)
  A goblin (D:1)
  A hobgoblin (D:1)
  A kobold (D:1)
  3 rats (D:1)
10 creatures vanquished.

Notes
Turn   | Place    | Note
-------+----------+-------------------------------------------
     0 | D:1      | HeyBub the Demigod Transmuter began the quest for the Orb.
     0 | D:1      | Reached XP level 1. HP: 15/15 MP: 5/5
   309 | D:1      | Reached skill level 1 in Fighting
   720 | D:1      | Reached XP level 2. HP: 19/23 MP: 5/7
   806 | D:1      | Slain by a gnoll

Skill      XL: |  1  2 |
---------------+-------+-----
Fighting       | 1 |  1.0
Spellcasting   | 2 |  2.1
Transmutations | 2 |  2.0
Dodging        | |  1.9
Unarmed Combat | |  2.8

Action                   || total
-------------------------++-------
Melee: Dagger            ||    27
       Kick              ||     4
       Unarmed           ||     3
 Cast: Beastly Appendage ||     8
 Stab: Sleeping          ||     1
Armor: Robe              ||     9
Dodge: Dodged            ||    33
